 Dungeon Crawl Stone Soup version 0.22.1-1-ga44c0e5 (webtiles) character file.

168 whitewolfNL the Chopper (level 5, -1/47 HPs)
             Began as a Minotaur Berserker on Nov 6, 2018.
             Was a Believer of Trog.
             Slain by a gnoll
             ... wielding a +0 whip
              (2 damage)
             ... on level 4 of the Dungeon.
             The game lasted 00:16:28 (2472 turns).

whitewolfNL the Chopper (Minotaur Berserker)        Turns: 2472, Time: 00:16:29

Health: -1/47      AC:  8    Str: 21    XL:     5   Next: 23%
Magic:  0/4        EV:  5    Int:  4    God:    Trog [**....]
Gold:   121        SH:  7    Dex: 11    Spells: 4/4 levels left

rFire    . . .     SeeInvis .   r - -2 whip (curse)
rCold    . . .     Gourm    .   j - +0 shield
rNeg     . . .     Faith    .   s - +0 chain mail
rPois    .         Spirit   +   (helmet restricted)
rElec    .         Reflect  .   (no cloak)
rCorr    .         Harm     .   (no gloves)
MR       .....                  (no boots)
Stlth    ..........             o - amulet of guardian spirit
HPRegen  0.15/turn              (no ring)
MPRegen  0.09/turn              (no ring)

@: berserk cooldown, slowed, drained, very slow
A: retaliatory headbutt, horns 2
a: Berserk, Trog's Hand, Renounce Religion


You were on level 4 of the Dungeon.
You worshipped Trog.
Trog was pleased with you.
You were not hungry.

You visited 1 branch of the dungeon, and saw 4 of its levels.

You collected 121 gold pieces.

Inventory:

Hand Weapons
 a - a +0 hand axe
 r - a cursed -2 whip (weapon)
Missiles
 f - 2 needles of confusion
 h - 33 stones
 k - 5 tomahawks (quivered)
 l - 19 arrows
 m - 17 bolts
Armour
 j - a +0 shield (worn)
 s - a +0 chain mail (worn)
Jewellery
 o - an amulet of guardian spirit (around neck)
Scrolls
 b - a scroll of identify
 e - a scroll of amnesia
 g - a scroll of enchant armour
 p - a scroll of random uselessness
Potions
 d - a potion of curing
Comestibles
 c - 2 rations


   Skills:
 + Level 4.3(3.5) Fighting
 - Level 4.8(4.1) Axes
 * Level 1.8(2.7) Maces & Flails
 + Level 2.9(2.1) Armour
 * Level 3.2(2.4) Dodging
 * Level 1.3(0.6) Stealth
 * Level 1.3(0.5) Shields


You had 4 spell levels left.
You didn't know any spells.
Your spell library was empty.

Dungeon Overview and Level Annotations

Branches:
Dungeon (4/15)
 Temple: D:4-7

Altars:
Okawaru


Innate Abilities, Weirdness & Mutations

You reflexively headbutt those who attack you in melee.
You have a pair of horns on your head.


Message History

You barely miss the gnoll. You headbutt the gnoll.
The gnoll is moderately wounded.
You block the gnoll's attack. The gnoll hits you with a spear.
* * * LOW HITPOINT WARNING * * *
The gnoll hits you but does no damage.
You hit the gnoll but do no damage.
The gnoll is moderately wounded.
The gnoll hits you with a spear.
* * * LOW HITPOINT WARNING * * *
The gnoll hits you with a spear.
* * * LOW HITPOINT WARNING * * *
You closely miss the gnoll. You headbutt the gnoll.
You kill the gnoll!
Trog accepts your kill. The gnoll hits you with a spear.
* * * LOW HITPOINT WARNING * * *
The gnoll hits you with a spear.
* * * LOW HITPOINT WARNING * * *
You block the gnoll's attack. The gnoll hits you with a whip.
You die...

#.. .# ##..
.## ###...
.. .^... .>
.... .# #..
.#
#..####.#.#
#...@gg.>.#
#.####)...#
# .....#
##.#..#
#....#
###.## . .


You could see 2 gnolls.

Vanquished Creatures
  A scorpion (D:4)
  2 gnolls (D:4)
  An adder (D:3)
  2 oozes
  2 worms (D:2)
  A dart slug (D:1)
  A leopard gecko (D:3)
  2 orcs (D:3)
  2 ball pythons
  2 giant cockroaches (D:1)
  2 goblins (D:1)
  7 hobgoblins
  11 jackals
  7 kobolds
  A quokka (D:4)
  8 bats
  5 frilled lizards
  8 rats
  3 plants (D:1)
68 creatures vanquished.

Notes
Turn   | Place    | Note
-------+----------+-------------------------------------------
     0 | D:1      | whitewolfNL the Minotaur Berserker began the quest for the
                  | Orb.
     0 | D:1      | Reached XP level 1. HP: 19/19 MP: 0/0
    99 | D:1      | Reached XP level 2. HP: 27/27 MP: 1/1
   374 | D:1      | Reached ** piety under Trog
   454 | D:1      | Reached XP level 3. HP: 33/33 MP: 2/2
  1469 | D:2      | Reached skill level 1 in Stealth
  1481 | D:2      | Found an iron altar of Okawaru.
  1841 | D:2      | Reached XP level 4. HP: 40/40 MP: 3/3
  2416 | D:3      | Reached skill level 1 in Maces & Flails
  2463 | D:4      | Reached skill level 1 in Shields
  2463 | D:4      | Reached XP level 5. HP: 22/47 MP: 2/4
  2471 | D:4      | HP: 1/47 [gnoll/spear (2)]
  2472 | D:4      | Slain by a gnoll

Skill      XL: |  1  2  3  4 |
---------------+-------------+-----
Axes           | 4 |  4.8
Fighting       | 4 |  4.3
Stealth        | 1 |  1.3
Dodging        | 3 |  3.2
Maces & Flails | 1 |  1.8
Shields        | 1 |  1.3
Armour         | |  2.9

Action                   |  1- 3 |  4- 6 || total
-------------------------+-------+-------++-------
Melee: Hand axe          |   151 |       ||   151
       Headbutt          |    36 |    16 ||    52
       Whip              |     8 |    48 ||    56
Invok: Berserk           |     2 |     2 ||     4
  Use: Scroll            |     2 |     4 ||     6
       Potion            |       |     1 ||     1
  Eat: Chunk             |     1 |     2 ||     3
       Ration            |     1 |     1 ||     2
Armor: Animal skin       |    14 |       ||    14
       Ring mail         |     6 |     2 ||     8
       Chain mail        |       |    39 ||    39
Dodge: Dodged            |    64 |    19 ||    83
Block: Shield            |       |    30 ||    30
